[Event "Titled Tuesday Blitz January 03 Early 2023"]
[White "Mogirzan, Matei-Valeriu"]
[Black "MIM06"]
[WhiteFideId "1257455"]
[WhiteElo "1813"]
[BlackElo "2273"]
[Result "1-0"]
[Round "07"]
[TimeControl "180+2"]
[Date "2023.01.03"]
[WhiteClock "0:00:03"]
[BlackClock "0:00:06"]

1. e4 c6 2. d4 d5 3. Nc3 dxe4 4. Nxe4 Nf6 5. Nxf6+ exf6 6. Bd3 Bd6 7. Qh5 Na6 8. c3 Nc7 9. Nf3 Be6 10. O-O Qd7 11. Nd2 O-O-O 12. Qa5 Kb8 13. Ne4 Nd5 14. a3 Bc7 15. Qa4 f5 16. Nc5 Qd6 17. f4 Nb6 18. Qc2 g6 19. a4 Rhe8 20. a5 Nd7 21. b4 Bd5 22. Ba3 g5 23. b5 Nxc5 24. Bxc5 Qh6 25. b6 Bxf4 26. Rxf4 gxf4 27. a6 axb6 28. axb7 bxc5 29. Qb2 Kc7 30. Bxf5 Rg8 31. b8=Q+ Rxb8 32. Ra7+ Kd6 33. dxc5+ Kxc5 34. Qa3+ Kb5 35. Qa4+ Kb6 36. Qa5# 1-0


[Site "https://www.chess.com"]

[Event "Titled Tuesday Blitz January 03 Early 2023"]
[White "Zainullina, Nataliya"]
[Black "Golubova, Anna"]
[WhiteFideId "4145488"]
[BlackFideId "24173606"]
[WhiteElo "2099"]
[BlackElo "2156"]
[Result "0-1"]
[Round "07"]
[TimeControl "180+2"]
[Date "2023.01.03"]
[WhiteClock "0:00:18"]
[BlackClock "0:01:08"]

1. Nf3 g6 2. c4 Bg7 3. Nc3 d6 4. b4 Nf6 5. Bb2 O-O 6. e3 e5 7. d3 h6 8. Be2 Be6 9. O-O Nbd7 10. d4 c6 11. dxe5 dxe5 12. Nd2 Qe7 13. c5 Rfd8 14. Nde4 Nxe4 15. Nxe4 Nf6 16. Nxf6+ Bxf6 17. Qc2 Rd7 18. a3 Rad8 19. Bc3 Bf5 20. e4 Be6 21. a4 a6 22. Qb2 Bg7 23. Qa3 f5 24. b5 axb5 25. axb5 fxe4 26. Ba5 Ra8 27. Qe3 Bd5 28. Bb6 Qe8 29. Qc3 Rf7 30. Rxa8 Qxa8 31. Ra1 Qf8 32. bxc6 bxc6 33. Ra5 Rxf2 34. Qa1 Rxe2 35. Qd1 Qf2+ 0-1


[Site "https://www.chess.com"]

[Event "Titled Tuesday Blitz January 03 Early 2023"]
[White "Alfaro, William"]
[Black "Demchenko, Anton"]
[WhiteFideId "6100457"]
[BlackFideId "4160258"]
[WhiteElo "2134"]
[BlackElo "2623"]
[Result "0-1"]
[Round "07"]
[TimeControl "180+2"]
[Date "2023.01.03"]
[WhiteClock "0:00:20"]
[BlackClock "0:01:31"]

1. Nf3 a6 2. g3 b5 3. Bg2 Bb7 4. d3 e6 5. e4 c5 6. O-O Nc6 7. Re1 d6 8. Qe2 Be7 9. c3 Nf6 10. Nbd2 O-O 11. Nf1 Re8 12. h4 Bf8 13. N1h2 Rc8 14. Bg5 h6 15. Be3 e5 16. Rad1 d5 17. Qc2 d4 18. Bc1 Qb6 19. a3 a5 20. g4 dxc3 21. bxc3 b4 22. Bh3 b3 23. Qb2 a4 24. g5 hxg5 25. hxg5 Nh5 26. Bxc8 Bxc8 27. Qe2 g6 28. Be3 Qc7 29. Qf1 c4 30. dxc4 Bxa3 31. Rd5 Bf8 32. Bc5 Nf4 33. Bxf8 Rxf8 34. c5 a3 35. Qb5 b2 36. Qb3 Qa7 37. Rd6 Be6 38. Rxe6 fxe6 39. Ng4 Rb8 40. Qa2 Kg7 41. Rd1 Ne2+ 42. Kg2 Nf4+ 43. Kg1 Qxc5 44. Rd7+ Kf8 45. Rd1 Qxc3 46. Nh4 Qh3 47. Nxg6+ Kg7 48. N6xe5 Ne2# 0-1


[Site "https://www.chess.com"]

[Event "Titled Tuesday Blitz January 03 Early 2023"]
[White "Samunenkov, Ihor"]
[Black "Lacasa Diaz, Jose Antonio"]
[WhiteFideId "14187086"]
[BlackFideId "2203375"]
[WhiteElo "2501"]
[BlackElo "2359"]
[Result "0-1"]
[Round "07"]
[TimeControl "180+2"]
[Date "2023.01.03"]
[WhiteClock "0:00:02"]
[BlackClock "0:01:08"]

1. e4 c5 2. Nf3 e6 3. d4 cxd4 4. Nxd4 Nf6 5. Nc3 d6 6. g4 e5 7. Nf5 h5 8. Bb5+ Nc6 9. Bg5 hxg4 10. Nd5 Bxf5 11. Bxf6 gxf6 12. exf5 Rh4 13. c3 Bh6 14. Qa4 Bg5 15. Bxc6+ bxc6 16. Qxc6+ Kf8 17. Rd1 Kg7 18. Kf1 Rc8 19. Qa6 Qh8 20. Kg1 Rd8 21. Qxa7 Qh7 22. Qe7 Rh8 23. Nc7 Qxf5 24. Rxd6 Rxh2 25. Ne8+ Rxe8 0-1


[Site "https://www.chess.com"]

[Event "Titled Tuesday Blitz January 03 Early 2023"]
[White "Gjestemoen-VonHirsch, Andre"]
[Black "Korchmar, Vasiliy"]
[WhiteFideId "1539531"]
[BlackFideId "24131750"]
[WhiteElo "2314"]
[BlackElo "2438"]
[Result "0-1"]
[Round "07"]
[TimeControl "180+2"]
[Date "2023.01.03"]
[WhiteClock "0:00:46"]
[BlackClock "0:01:57"]

1. b3 g6 2. Bb2 Nf6 3. c4 Bg7 4. Nc3 b6 5. g3 Bb7 6. Nf3 Bxf3 7. exf3 c5 8. d4 cxd4 9. Nb5 O-O 10. Bg2 Nc6 11. Nxd4 Nxd4 12. Bxd4 e5 13. Bb2 d5 14. cxd5 Qxd5 15. O-O Rad8 16. Qxd5 Nxd5 17. Rfe1 Rfe8 18. Rad1 Nb4 19. Rxd8 Rxd8 20. a3 Nc2 21. Rc1 Nd4 22. Bxd4 exd4 23. Bf1 d3 24. Rd1 d2 25. Bc4 Bc3 26. Kf1 Re8 27. Bb5 Re1+ 0-1


[Site "https://www.chess.com"]

[Event "Titled Tuesday Blitz January 03 Early 2023"]
[White "Hoffmann, Asa"]
[Black "Sargsyan, Anna M."]
[WhiteFideId "2001470"]
[BlackFideId "13308130"]
[WhiteElo "2185"]
[BlackElo "2375"]
[Result "1/2-1/2"]
[Round "07"]
[TimeControl "180+2"]
[Date "2023.01.03"]
[WhiteClock "0:00:07"]
[BlackClock "0:00:16"]

1. d4 d5 2. Bg5 Bf5 3. c4 c6 4. Nc3 f6 5. Bf4 e6 6. Nf3 Bd6 7. Bg3 Ne7 8. e3 O-O 9. Qb3 Bxg3 10. hxg3 Qd7 11. Nh4 Bg4 12. f3 Bh5 13. g4 Bf7 14. g3 e5 15. cxd5 Nxd5 16. Nxd5 Bxd5 17. Bc4 exd4 18. Bxd5+ cxd5 19. exd4 Re8+ 20. Kf2 Nc6 21. Rad1 Rac8 22. Nf5 Na5 23. Qd3 g6 24. Ne3 Nc4 25. Nxc4 Rxc4 26. b3 Rc6 27. Rhe1 Rec8 28. Rd2 Rc3 29. Qe2 Kf7 30. Rd3 Rc2 31. Rd2 Rc1 32. Rxc1 Rxc1 33. Qe3 Qe6 34. Qxe6+ Kxe6 35. f4 h5 36. gxh5 gxh5 37. Kf3 Rc3+ 38. Kg2 Kf5 39. Kh3 Ke4 40. Kh4 b5 41. Re2+ Kxd4 42. Re6 Kc5 43. Rxf6 d4 44. Re6 d3 45. Re1 Kd4 46. Kxh5 d2 47. Rd1 Kd3 48. g4 Kc2 49. Rxd2+ Kxd2 50. f5 Ke3 51. f6 Kf4 52. Kg6 Kxg4 53. f7 Rc8 54. Kg7 Kf4 55. f8=Q+ Rxf8 56. Kxf8 Ke4 57. Ke7 Kd3 58. Kd6 Kc2 59. Kc5 Kb2 60. Kxb5 Kxa2 61. Ka6 Kxb3 62. Kxa7 1/2-1/2


[Site "https://www.chess.com"]

[Event "Titled Tuesday Blitz January 03 Early 2023"]
[White "Qashashvili, Alexandre"]
[Black "Mei, Austin"]
[WhiteFideId "13600842"]
[BlackFideId "30948479"]
[WhiteElo "2505"]
[BlackElo "2218"]
[Result "0-1"]
[Round "07"]
[TimeControl "180+2"]
[Date "2023.01.03"]
[WhiteClock "0:00:09"]
[BlackClock "0:01:23"]

1. e4 Nc6 2. Nc3 e5 3. Nf3 Nf6 4. d4 exd4 5. Nxd4 Bb4 6. Nxc6 bxc6 7. Bd3 d5 8. exd5 O-O 9. O-O cxd5 10. Bg5 c6 11. Qf3 Bd6 12. Bxf6 Qxf6 13. Qxf6 gxf6 14. Ne2 Rb8 15. b3 c5 16. c4 d4 17. Ng3 Bxg3 18. hxg3 Re8 19. Rfe1 Bd7 20. Kf1 Kg7 21. Rxe8 Rxe8 22. Re1 a5 23. Rxe8 Bxe8 24. Be4 h6 25. f4 Kf8 26. Ke2 Ke7 27. Kf3 Bd7 28. Kf2 Bg4 29. Bf3 Bf5 30. a3 Bc2 31. b4 axb4 32. axb4 cxb4 33. Ke2 Kd6 34. Kd2 b3 35. Bd5 Kc5 36. Bxf7 Be4 37. Kc1 Kb4 38. Kb2 d3 39. c5 Kxc5 40. Kc3 b2 41. Ba2 d2 42. Kxd2 b1=Q 43. Bxb1 Bxb1 44. g4 Kd4 45. Ke2 Ke4 46. g3 Ba2 47. Kf2 Be6 48. g5 fxg5 49. fxg5 hxg5 50. Kg2 Ke3 51. g4 Bxg4 52. Kg3 Bf5 53. Kh2 Kf2 54. Kh1 g4 55. Kh2 g3+ 56. Kh1 g2+ 57. Kh2 g1=B+ 58. Kh1 Be4# 0-1


[Site "https://www.chess.com"]

[Event "Titled Tuesday Blitz January 03 Early 2023"]
[White "Balint, Vilmos"]
[Black "Lehtosaari, Mauri"]
[WhiteFideId "718050"]
[BlackFideId "501999"]
[WhiteElo "2169"]
[BlackElo "2176"]
[Result "0-1"]
[Round "07"]
[TimeControl "180+2"]
[Date "2023.01.03"]
[WhiteClock "0:01:28"]
[BlackClock "0:01:09"]

1. e4 d5 2. exd5 Qxd5 3. Nc3 Qe5+ 4. Qe2 Qxe2+ 5. Bxe2 c6 6. d4 Bf5 7. Kd1 e6 8. Bf4 Nd7 9. a4 a5 10. h3 h6 11. Nf3 Ngf6 12. Kd2 Nd5 13. Nxd5 cxd5 14. c3 f6 15. Bb5 Ke7 16. Rhe1 Nb8 17. g4 Be4 18. Nh4 Kf7 19. f3 Bh7 20. Bg3 g5 21. Ng2 Nc6 22. Re3 Bg7 23. Rae1 Rhe8 24. f4 Be4 25. R1e2 f5 26. Ne1 Rad8 27. Nd3 Re7 28. Nc5 Nxd4 29. c4 Nxe2 0-1


[Site "https://www.chess.com"]

[Event "Titled Tuesday Blitz January 03 Early 2023"]
[White "Berezin, Viktor"]
[Black "Zanette, Edgard Vinicius"]
[WhiteFideId "14107872"]
[BlackFideId "2109263"]
[WhiteElo "2307"]
[BlackElo "2085"]
[Result "1-0"]
[Round "07"]
[TimeControl "180+2"]
[Date "2023.01.03"]
[WhiteClock "0:00:51"]
[BlackClock "0:00:03"]

1. d4 Nf6 2. Nf3 e6 3. c4 b6 4. g3 Bb7 5. Bg2 Be7 6. O-O O-O 7. Nc3 Ne4 8. Qc2 Nxc3 9. Qxc3 d6 10. Rd1 Nd7 11. Be3 a5 12. Rac1 f5 13. c5 bxc5 14. dxc5 Bd5 15. Ne1 Bf6 16. Qc2 Bxg2 17. Nxg2 d5 18. c6 Ne5 19. Nf4 Re8 20. Bd4 Nc4 21. b3 Nd6 22. Bxf6 Qxf6 23. e3 g5 24. Nd3 g4 25. Nf4 Ne4 26. a3 Rab8 27. Rd3 Ng5 28. Kf1 Nf3 29. Ke2 d4 30. Qc4 dxe3 31. fxe3 Kh8 32. Rd7 Ne5 33. Qc3 Nxd7 34. cxd7 Rf8 35. Qxf6+ Rxf6 36. Rxc7 e5 37. Ne6 Kg8 38. Rc8+ Rf8 39. Nxf8 1-0


[Site "https://www.chess.com"]

[Event "Titled Tuesday Blitz January 03 Early 2023"]
[White "Garv Gaur"]
[Black "Prudnykova, Olga"]
[WhiteFideId "45030839"]
[BlackFideId "14121093"]
[WhiteElo "2006"]
[BlackElo "2268"]
[Result "1-0"]
[Round "07"]
[TimeControl "180+2"]
[Date "2023.01.03"]
[WhiteClock "0:00:51"]
[BlackClock "0:00:19"]

1. d4 Nf6 2. c4 g6 3. Nf3 Bg7 4. g3 d5 5. cxd5 Nxd5 6. Bg2 Nb6 7. Nc3 Nc6 8. e3 e5 9. d5 Ne7 10. e4 O-O 11. O-O f5 12. Qb3 Kh8 13. Rd1 fxe4 14. Nxe4 Nexd5 15. Bg5 Qe8 16. a4 a5 17. Rxd5 Be6 18. Nc3 Nxd5 19. Nxd5 c6 20. Nd2 Qf7 21. Be3 Bxd5 22. Bxd5 cxd5 23. Bc5 Rfc8 24. Qb5 e4 25. Nb3 Bxb2 26. Rd1 Bg7 27. Be3 Rd8 28. Nd4 Qd7 29. Qb6 Ra6 30. Qb3 Rc8 31. Nb5 Rd8 32. Rc1 Rc6 33. Rd1 Qf5 34. Nd4 Bxd4 35. Bxd4+ Kg8 36. Qxb7 Rc4 37. Qg7# 1-0


[Site "https://www.chess.com"]

[Event "Titled Tuesday Blitz January 03 Early 2023"]
[White "Herman, Daniel"]
[Black "Zaichenko, Daria"]
[WhiteFideId "30935008"]
[BlackFideId "4197453"]
[WhiteElo "1956"]
[BlackElo "2104"]
[Result "1-0"]
[Round "07"]
[TimeControl "180+2"]
[Date "2023.01.03"]
[WhiteClock "0:00:37"]
[BlackClock "0:00:19"]

1. d4 d5 2. c4 e6 3. Nc3 Be7 4. Nf3 Nf6 5. Bf4 O-O 6. e3 Nbd7 7. Rc1 c5 8. cxd5 Nxd5 9. Nxd5 exd5 10. Bd3 c4 11. Bb1 Bb4+ 12. Kf1 Nf6 13. Ne5 Bd6 14. h4 Bxe5 15. Bxe5 Ng4 16. Bf4 Be6 17. h5 f5 18. f3 g5 19. hxg6 Nf6 20. gxh7+ Nxh7 21. Qe1 Qf6 22. Qg3+ Qg7 23. Qh4 Rf7 24. Be5 Qf8 25. Kf2 Qe7 26. Qh6 Raf8 27. Rh3 Rf6 28. Bxf6 Rxf6 29. Qh5 f4 30. Bxh7+ Kf8 31. Bg6 Rxg6 32. Qxg6 Bxh3 33. Qh6+ Ke8 34. Qxf4 Be6 35. Rh1 Kd7 36. Rh8 Qb4 37. Rh7+ Kc6 38. Qc7+ Kb5 39. Qxb7+ Ka4 40. Qxa7+ Kb5 41. Rb7+ Kc6 42. Qa6+ Qb6 43. Qxb6# 1-0


[Site "https://www.chess.com"]

[Event "Titled Tuesday Blitz January 03 Early 2023"]
[White "Shuvalov, Evgenij"]
[Black "Zaksaite, Salomeja"]
[WhiteFideId "4187237"]
[BlackFideId "12801496"]
[WhiteElo "2038"]
[BlackElo "2283"]
[Result "0-1"]
[Round "07"]
[TimeControl "180+2"]
[Date "2023.01.03"]
[WhiteClock "0:00:15"]
[BlackClock "0:00:07"]

1. d4 Nf6 2. c4 g6 3. Nc3 d5 4. cxd5 Nxd5 5. e4 Nxc3 6. bxc3 Bg7 7. Nf3 c5 8. Rb1 O-O 9. Be2 b6 10. e5 Bf5 11. Rb3 Be6 12. Rb2 cxd4 13. cxd4 Nc6 14. Be3 Na5 15. Nd2 Rc8 16. h4 Nc4 17. Nxc4 Bxc4 18. h5 Bxe2 19. Rxe2 Qd5 20. Kf1 Bxe5 21. Bh6 Bg7 22. Bxg7 Kxg7 23. Rxe7 Qg5 24. Re1 Rfe8 25. h6+ Kf8 26. Rxe8+ Rxe8 27. Rh3 Rc8 28. Re3 Qxh6 29. Kg1 Qf4 30. d5 Rd8 31. Qa1 Kg8 32. Qd1 h5 33. Re7 a5 34. Rb7 Rc8 35. g3 Rc1 36. gxf4 Rxd1+ 37. Kg2 Rxd5 38. Rxb6 Kg7 39. Rb3 Kf6 40. Rb6+ Kf5 41. Ra6 Kxf4 42. Rf6+ Rf5 43. Ra6 Kg4 44. Ra7 h4 45. Ra6 g5 46. Ra8 f6 47. Ra6 h3+ 48. Kg1 h2+ 49. Kg2 Rxf2+ 50. Kh1 Kh3 51. Rxf6 Rxf6 52. a4 Rf1# 0-1


[Site "https://www.chess.com"]

[Event "Titled Tuesday Blitz January 03 Early 2023"]
[White "Quinones Garcia, Santiago"]
[Black "Vifleemskaia, Svetlana"]
[WhiteFideId "4408497"]
[BlackFideId "4129490"]
[WhiteElo "2248"]
[BlackElo "1971"]
[Result "0-1"]
[Round "07"]
[TimeControl "180+2"]
[Date "2023.01.03"]
[WhiteClock "0:00:11"]
[BlackClock "0:00:10"]

1. d4 Nf6 2. c4 e6 3. Nc3 Bb4 4. Qc2 d5 5. cxd5 exd5 6. Nf3 c6 7. Bg5 h6 8. Bh4 g5 9. Bg3 Ne4 10. e3 f5 11. Bxb8 Rxb8 12. Bd3 Be6 13. O-O O-O 14. Ne5 Bd6 15. f3 Nxc3 16. Qxc3 Bxe5 17. dxe5 Qb6 18. Rfe1 Rbd8 19. Kh1 d4 20. exd4 Qxd4 21. Qxd4 Rxd4 22. Bc2 Rfd8 23. Bb3 Kf7 24. Kg1 Rd2 25. Rab1 c5 26. Kf1 b5 27. Re2 c4 28. Rxd2 Rxd2 29. Bd1 Bd5 30. Be2 Ke6 31. Ke1 Rd4 32. Rc1 Kxe5 33. b3 Kf4 34. bxc4 Bxc4 35. Bxc4 Rxc4 36. Rb1 a6 37. Rb3 Rc2 38. g3+ Ke5 39. a4 bxa4 40. Ra3 Rc4 41. Ke2 Kd5 42. Kd3 Kc5 43. Ra1 a5 44. Re1 a3 45. Ra1 Ra4 46. Kc3 a2 47. Kb3 Kb5 48. h3 f4 49. g4 Rd4 50. Rxa2 Rd3+ 51. Kc2 Rxf3 52. Rb2+ Kc4 53. h4 Rf2+ 54. Kc1 Rxb2 55. Kxb2 gxh4 0-1


[Site "https://www.chess.com"]

[Event "Titled Tuesday Blitz January 03 Early 2023"]
[White "Ibadov, Dashgyn"]
[Black "Rosenberg, Evan S"]
[WhiteFideId "24107514"]
[BlackFideId "2019299"]
[WhiteElo "2391"]
[BlackElo "1956"]
[Result "0-1"]
[Round "07"]
[TimeControl "180+2"]
[Date "2023.01.03"]
[WhiteClock "0:00:03"]
[BlackClock "0:00:03"]

1. e4 e5 2. Nf3 Nc6 3. d4 exd4 4. Nxd4 Nf6 5. Nc3 Bb4 6. Nxc6 bxc6 7. Bd3 d5 8. exd5 O-O 9. O-O Bg4 10. Be2 Bxe2 11. Nxe2 cxd5 12. Bg5 c6 13. Nd4 Qd6 14. c3 Ba5 15. Qa4 Bc7 16. g3 c5 17. Nb5 Qc6 18. Bxf6 gxf6 19. Qg4+ Kh8 20. Nxc7 Qxc7 21. Rad1 Rad8 22. Qf5 Qe5 23. Qb1 h5 24. Rfe1 Qg5 25. Qd3 h4 26. Re7 h3 27. Qf3 d4 28. Re4 f5 29. Rh4+ Kg7 30. Rxh3 dxc3 31. bxc3 Rxd1+ 32. Qxd1 Rd8 33. Qf3 Qc1+ 34. Kg2 Rd1 35. Rh5 Rg1+ 36. Kh3 Qf1+ 37. Kh4 Rg2 38. Rxf5 Rxh2+ 39. Kg5 Qc4 40. Qf4 Qe6 41. Rf6 Qe7 42. Qd6 Qxd6 43. Rxd6 Rxf2 44. Rd5 Rxa2 45. Rxc5 a5 0-1


[Site "https://www.chess.com"]

[Event "Titled Tuesday Blitz January 03 Early 2023"]
[White "Slovineanu"]
[Black "Avazkhonov, Alikhon"]
[BlackFideId "14208504"]
[WhiteElo "2294"]
[BlackElo "1538"]
[Result "0-1"]
[Round "07"]
[TimeControl "180+2"]
[Date "2023.01.03"]
[WhiteClock "0:00:04"]
[BlackClock "0:00:19"]

1. e4 c5 2. Nf3 d6 3. d4 cxd4 4. Nxd4 Nf6 5. Nc3 a6 6. f3 e5 7. Nb3 Be6 8. Be3 h5 9. Qd2 Nbd7 10. O-O-O Rc8 11. Kb1 b5 12. Bg5 Be7 13. h4 Nb6 14. Na5 b4 15. Ne2 Nc4 16. Nxc4 Rxc4 17. Nc1 Rd4 18. Qe1 Rxd1 19. Qxd1 O-O 20. Bd3 a5 21. g4 hxg4 22. Bxf6 Bxf6 23. fxg4 Bxh4 24. Qf3 a4 25. Ne2 g5 26. Ng3 b3 27. cxb3 axb3 28. a3 Bxg3 29. Qxg3 Kg7 30. Rh5 Rh8 31. Qf3 Rxh5 32. gxh5 Qf6 33. Qxf6+ Kxf6 34. a4 g4 35. a5 g3 36. Bf1 Bc4 37. Bg2 Kg5 38. Kc1 Kxh5 39. Kd2 Kg4 40. Ke3 f6 41. Kd2 Kf4 42. Kc3 Ba6 43. Kxb3 Ke3 44. Kc3 Kf2 45. Bh3 g2 46. Bxg2 Kxg2 47. b4 Kf3 48. Kb3 Bb5 0-1


[Site "https://www.chess.com"]

[Event "Titled Tuesday Blitz January 03 Early 2023"]
[White "Moreno Perez, Tobias Sebastian"]
[Black "Matveeva, Olga"]
[WhiteFideId "186716"]
[BlackFideId "24107018"]
[WhiteElo "2256"]
[BlackElo "2128"]
[Result "1-0"]
[Round "07"]
[TimeControl "180+2"]
[Date "2023.01.03"]
[WhiteClock "0:00:03"]
[BlackClock "0:00:01"]

1. e4 e6 2. d4 d5 3. Nc3 Nf6 4. exd5 exd5 5. Bd3 c5 6. dxc5 Bxc5 7. Bg5 O-O 8. Qf3 Re8+ 9. Nge2 Be6 10. O-O-O Nbd7 11. Qg3 b5 12. Nf4 Be7 13. Nxe6 fxe6 14. Qh3 Nf8 15. Bxb5 N6d7 16. Bxe7 Qxe7 17. Rhe1 Rab8 18. Ba4 Qb4 19. Bb3 Nc5 20. Qe3 a5 21. Qd4 a4 22. Nxd5 Nxb3+ 23. cxb3 Qxd4 24. Rxd4 exd5 25. Rxe8 Rxe8 26. bxa4 Re2 27. Rd2 Re1+ 28. Kc2 Ne6 29. Rxd5 Kf7 30. a5 Re2+ 31. Rd2 Re5 32. b4 Ke7 33. Kb3 Nf4 34. g3 Nd5 35. f4 Rf5 36. a4 Nc7 37. b5 1-0


[Site "https://www.chess.com"]

[Event "Titled Tuesday Blitz January 03 Early 2023"]
[White "Schut, Han"]
[Black "Begunov, Konstantin"]
[WhiteFideId "1005561"]
[BlackFideId "4118510"]
[WhiteElo "2101"]
[BlackElo "2325"]
[Result "1/2-1/2"]
[Round "07"]
[TimeControl "180+2"]
[Date "2023.01.03"]
[WhiteClock "0:00:10"]
[BlackClock "0:00:09"]

1. e4 c5 2. Nf3 d6 3. d4 cxd4 4. Nxd4 Nf6 5. f3 e5 6. Bb5+ Nbd7 7. Nf5 a6 8. Bxd7+ Qxd7 9. Bg5 Qb5 10. Bxf6 Bxf5 11. exf5 Qxb2 12. Nd2 gxf6 13. Rb1 Qc3 14. Rxb7 Bh6 15. Rb3 Qa5 16. c3 Qxa2 17. Ne4 Qxg2 18. Nxf6+ Ke7 19. Rb7+ Kxf6 20. Qxd6+ Kg5 21. Qe7+ f6 22. h4+ Kxf5 23. Qd7+ Kg6 24. Qf7+ Kf5 25. Qd7+ Kg6 26. Qf7+ Kf5 27. Qd7+ 1/2-1/2


[Site "https://www.chess.com"]

[Event "Titled Tuesday Blitz January 03 Early 2023"]
[White "Bobomurodova, Maftuna"]
[Black "Kaplan, Avi Harrison"]
[WhiteFideId "14207400"]
[BlackFideId "30934559"]
[WhiteElo "1946"]
[BlackElo "2146"]
[Result "0-1"]
[Round "07"]
[TimeControl "180+2"]
[Date "2023.01.03"]
[WhiteClock "0:00:09"]
[BlackClock "0:00:08"]

1. e4 d6 2. d4 Nf6 3. Nc3 Nbd7 4. Nf3 e5 5. Be2 Be7 6. O-O c6 7. h3 h6 8. Be3 Qc7 9. a4 O-O 10. a5 Rd8 11. a6 b5 12. d5 b4 13. Nb1 Nxe4 14. dxc6 Qxc6 15. Nbd2 Ndf6 16. Nb3 Be6 17. Na5 Qc7 18. Nb7 Rdc8 19. Bd3 Bd5 20. Na5 Nc5 21. Be2 Ne6 22. Ne1 Rab8 23. Bf3 Bxf3 24. Qxf3 d5 25. Nb7 d4 26. Bd2 Nc5 27. Nxc5 Qxc5 28. Rc1 Qc6 29. Qe2 Bd6 30. Nf3 Re8 31. Nh4 Qb5 32. Qf3 Qxa6 33. Nf5 Bf8 34. Rce1 e4 35. Qg3 Nh5 36. Qg4 Qg6 37. Rxe4 Rxe4 38. Qxe4 Nf6 39. Qf3 Rc8 40. Nxd4 Bc5 41. c3 bxc3 42. bxc3 Ne4 43. Bf4 Bb6 44. Rc1 a5 45. h4 Nc5 46. h5 Qf6 47. Qg4 Re8 48. Nf5 Nd3 49. Nxh6+ Kh8 50. Qd7 Rf8 51. Qxd3 Qxf4 52. Rb1 Qxh6 53. Qd7 Qf6 54. Qd2 Rd8 55. Qe2 Kg8 56. c4 Bc5 57. Rb5 Bb4 58. Re5 a4 59. Re8+ Rxe8 60. Qxe8+ Bf8 61. Qxa4 Qd6 62. Qc2 Qc5 63. Kf1 Qd4 64. g3 Bc5 65. Kg2 Qd7 66. Kf3 Qc6+ 67. Ke2 Qe6+ 68. Kf1 Qh3+ 69. Ke1 Qxh5 70. Qe4 Qh6 71. Qa8+ Bf8 72. Qe4 Qd6 73. Ke2 Qb4 74. Kf3 Qb3+ 75. Kg2 Qc3 76. Qd5 g6 77. g4 Kg7 78. f3 Be7 79. Kg3 Bf6 80. c5 Qe5+ 81. Qxe5 Bxe5+ 82. Kg2 Bc7 83. Kf2 Kf6 84. Ke3 Ke6 85. Ke4 Bb8 86. f4 f5+ 87. gxf5+ gxf5+ 88. Kf3 Kd5 89. Kg3 Kxc5 90. Kh4 Kd5 91. Kg5 Ke4 92. Kf6 Bxf4 93. Ke6 Be5 0-1


[Site "https://www.chess.com"]

[Event "Titled Tuesday Blitz January 03 Early 2023"]
[White "Mazurkiewicz, Michal"]
[Black "Makhmudov, Shukhrat"]
[WhiteFideId "1124943"]
[BlackFideId "14200775"]
[WhiteElo "2145"]
[BlackElo "2115"]
[Result "1-0"]
[Round "07"]
[TimeControl "180+2"]
[Date "2023.01.03"]
[WhiteClock "0:00:14"]
[BlackClock "0:00:04"]

1. e4 e5 2. Nf3 Nc6 3. d3 Nf6 4. g3 Bc5 5. Bg2 d5 6. exd5 Nxd5 7. O-O O-O 8. Nc3 Nxc3 9. bxc3 Bb6 10. a4 Bg4 11. Be3 f6 12. Qb1 Qd7 13. Qb5 Bxe3 14. fxe3 Rab8 15. Nd2 Bh3 16. Qd5+ Kh8 17. Qxd7 Bxd7 18. a5 a6 19. Ne4 Nd8 20. Nc5 Bc8 21. Rab1 b6 22. Rb2 b5 23. c4 c6 24. cxb5 Rxb5 25. Rxb5 cxb5 26. c4 bxc4 27. dxc4 Rf7 28. Rd1 Rf8 29. Rd6 h6 30. Rb6 Nf7 31. Bd5 Ng5 32. h4 Nh7 33. Nxa6 f5 34. Nc7 f4 35. exf4 exf4 36. gxf4 Rxf4 37. Rb8 Rf8 38. Be4 Nf6 39. a6 Nxe4 40. a7 Ng3 41. a8=Q Ne2+ 42. Kh2 Rf2+ 43. Qg2 Rxg2+ 44. Kxg2 Nf4+ 45. Kf3 Ng6 46. Rxc8+ Kh7 47. Ne6 Ne5+ 48. Ke4 Nf7 49. Rc7 Kg6 50. Nf8+ Kf6 51. Nd7+ Ke6 52. Nc5+ Kd6 53. Rxf7 Kxc5 54. Rxg7 Kxc4 55. Rc7+ 1-0


[Site "https://www.chess.com"]

[Event "Titled Tuesday Blitz January 03 Early 2023"]
[White "Barbot, Pierre"]
[Black "Andreev, Konstantin"]
[WhiteFideId "663727"]
[BlackFideId "24239305"]
[WhiteElo "2458"]
[BlackElo "2195"]
[Result "0-1"]
[Round "07"]
[TimeControl "180+2"]
[Date "2023.01.03"]
[WhiteClock "0:00:01"]
[BlackClock "0:00:30"]

1. e4 c5 2. Nf3 e6 3. d4 cxd4 4. Nxd4 Nc6 5. Nc3 Qc7 6. Be3 a6 7. Qf3 Nf6 8. O-O-O Ne5 9. Qg3 d6 10. f4 Neg4 11. Bg1 h5 12. h3 h4 13. Qe1 Nh6 14. f5 exf5 15. exf5+ Be7 16. Bd3 b5 17. Kb1 b4 18. Ne4 Kf8 19. Bh2 Bb7 20. Nxf6 Bxf6 21. Qxb4 Rd8 22. Nb3 Kg8 23. Rhg1 Kh7 24. g3 hxg3 25. Bxg3 Rhe8 26. Bf4 Bd5 27. Bxh6 gxh6 28. Rg4 Bf3 29. Rdg1 Bxg4 30. Rxg4 Re3 31. Qd2 Rde8 32. a3 Qb6 33. Ka2 Rxh3 34. Qg2 Qe3 35. Rg7+ Kh8 36. Rxf7 Qe5 37. c3 Rg3 0-1


[Site "https://www.chess.com"]

[Event "Titled Tuesday Blitz January 03 Early 2023"]
[White "De Souza, Cristiano Gomes"]
[Black "Estrada Nieto, Julian"]
[WhiteFideId "2151758"]
[BlackFideId "5101018"]
[WhiteElo "2018"]
[BlackElo "2215"]
[Result "0-1"]
[Round "07"]
[TimeControl "180+2"]
[Date "2023.01.03"]
[WhiteClock "0:00:54"]
[BlackClock "0:01:26"]

1. d4 d5 2. c4 dxc4 3. Nf3 Nf6 4. e3 e6 5. Bxc4 a6 6. O-O c5 7. dxc5 Bxc5 8. Qxd8+ Kxd8 9. Nc3 b5 10. Be2 Bb7 11. a3 Nbd7 12. b4 Bd6 13. Bb2 Ke7 14. Rfd1 Rac8 15. Rac1 Nb6 16. h3 Nc4 17. Bxc4 Rxc4 18. Nd4 Rhc8 19. Nce2 Rxc1 20. Rxc1 Rxc1+ 21. Bxc1 g6 22. f3 Nd5 23. Kf2 Nb6 24. Nc3 Nc4 25. Nb3 f5 26. Nd2 Nxd2 27. Bxd2 e5 28. Ke2 Ke6 29. a4 Bxb4 30. axb5 Bxc3 31. Bxc3 axb5 32. Kd3 e4+ 33. Ke2 Kd5 34. Bb4 Kc4 35. Bf8 b4 36. f4 Kc3 37. Bg7+ Kc2 38. g4 b3 0-1


[Site "https://www.chess.com"]

[Event "Titled Tuesday Blitz January 03 Early 2023"]
[White "Buscar, Michael"]
[Black "Ciuffoletti, Paolo"]
[WhiteFideId "2603616"]
[BlackFideId "807630"]
[WhiteElo "2041"]
[BlackElo "2106"]
[Result "1-0"]
[Round "07"]
[TimeControl "180+2"]
[Date "2023.01.03"]
[WhiteClock "0:01:55"]
[BlackClock "0:00:03"]

1. d4 d5 2. c4 c6 3. Nc3 Nf6 4. Nf3 dxc4 5. e3 e6 6. Bxc4 c5 7. O-O Nc6 8. a3 Be7 9. dxc5 Qxd1 10. Rxd1 Bxc5 11. b4 Bb6 12. Bb2 O-O 13. Nb5 Ne8 14. Rac1 a6 15. Nbd4 Bd7 16. Nf5 Rd8 17. Nd6 Nxd6 18. Rxd6 Bc7 19. Rd2 Na7 20. Bxa6 Bxh2+ 21. Kxh2 bxa6 22. Rc7 Bc6 23. Rxa7 Bxf3 24. Rxd8 Rxd8 25. gxf3 h5 26. Bd4 1-0


[Site "https://www.chess.com"]

[Event "Titled Tuesday Blitz January 03 Early 2023"]
[White "Szyszylo, Rafal"]
[Black "Corredor Castellanos, Camilo"]
[WhiteFideId "1109626"]
[BlackFideId "4425871"]
[WhiteElo "2091"]
[BlackElo "1957"]
[Result "0-1"]
[Round "07"]
[TimeControl "180+2"]
[Date "2023.01.03"]
[WhiteClock "0:00:01"]
[BlackClock "0:00:16"]

1. e4 c5 2. Nf3 d6 3. d4 cxd4 4. Nxd4 Nf6 5. Nc3 a6 6. Bc4 e6 7. Bb3 Nbd7 8. f4 Qc7 9. f5 Nc5 10. fxe6 fxe6 11. O-O Be7 12. Be3 Nxb3 13. axb3 O-O 14. Kh1 Bd7 15. Qd2 Rac8 16. Rae1 b5 17. Re2 b4 18. Na4 Nxe4 19. Rxf8+ Rxf8 20. Qxb4 Rf1+ 21. Bg1 Nc5 22. Re1 Rxe1 23. Qxe1 e5 24. Nxc5 dxc5 25. Ne2 Bc6 26. c4 Qb7 27. Qg3 Bf6 28. Be3 Qxb3 29. Bxc5 Qxc4 30. Qc3 Bxg2+ 31. Kxg2 Qxe2+ 32. Bf2 Qg4+ 33. Bg3 h5 34. h3 Qe2+ 35. Bf2 Qe4+ 36. Kf1 Qh1+ 37. Ke2 Qe4+ 38. Kf1 h4 39. b4 Kh7 0-1


[Site "https://www.chess.com"]